 Dungeon Crawl Stone Soup version 0.31.0-9-g3a7656b989 (webtiles) character file.

Game seed: 2060769919204161831

43 GordonOverkill the Chopper (level 3, 0/29 HPs)
             Began as a Demigod Gladiator on Jan 24, 2024.
             Slain by a gnoll
             ... wielding a +0 halberd
              (8 damage)
             ... on level 2 of the Dungeon.
             The game lasted 00:01:30 (846 turns).

GordonOverkill the Chopper (Demigod Gladiator)       Turns: 846, Time: 00:01:30

Health: 0/29       AC:  4    Str: 19    XL:     3   Next: 20%
Magic:  5/5        EV: 12    Int: 10    God:
Gold:   34         SH:  0    Dex: 15    Spells: 2/2 levels left

rFire   . . .        a - +0 war axe
rCold   . . .        (no shield)
rNeg    . . .        b - +0 leather armour
rPois   .            c - +0 helmet
rElec   .            (no cloak)
rCorr   +            (no gloves)
SInv    .            (no boots)
Will    .....        (no amulet)
Stlth   +            i - ring of resist corrosion
HPRegen 0.24/turn    (no ring)
MPRegen 0.09/turn

%: no passive effects
@: mighty
A: high MP 1, forlorn, divine attributes
a: no special abilities


You were on level 2 of the Dungeon.
You visited 1 branch of the dungeon, and saw 2 of its levels.

You collected 34 gold pieces.

Inventory:

Hand Weapons
 a - a +0 war axe (weapon)
Missiles
 d - 3 throwing nets (quivered)
 e - a javelin
Armour
 b - a +0 leather armour (worn)
 c - a +0 helmet (worn)
 o - the +0 leather armour of the Usurping Gods {rC++ Str+2 Int-4}
   (You found it on level 2 of the Dungeon)

   Str+2:     It affects your strength (+2).
   Int-4:     It affects your intelligence (-4).
   rC++:      It greatly protects you from cold.
Jewellery
 i - a ring of resist corrosion (left hand)
Scrolls
 f - a scroll of teleportation {unknown}
 h - a scroll of brand weapon {unknown}
 j - a scroll of identify {unknown}
 l - a scroll of enchant armour {unknown}
 n - a scroll of revelation {unknown}
Potions
 m - a potion of ambrosia {unknown}


   Skills:
 - Level 2.0 Fighting
 + Level 4.0 Axes
 - Level 1.7 Throwing
 - Level 2.6 Dodging


You had 2 spell levels left.
You didn't know any spells.
Your spell library was empty.

Dungeon Overview and Level Annotations

Branches:
Dungeon (2/15)

Shops:
D:2 (


Innate Abilities, Weirdness & Mutations

You have an increased reservoir of magic. (+10% MP)
You shall have no god before yourself.
Your divine heritage dramatically boosts your attributes as you level up.


Message History

You are too injured to fight recklessly!
You are too injured to fight recklessly!
The gnoll throws a stone.
The stone closely misses you.
A gnoll comes into view. It is wielding a +0 whip.
A gnoll comes into view. It is wielding a +0 halberd.
The gnoll shouts!
The gnoll throws a stone.
The stone hits you.
* * * LOW HITPOINT WARNING * * *
A gnoll comes into view. It is wielding a +0 whip.
The gnoll shouts!
You hit the gnoll.
The gnoll is moderately wounded.
The gnoll hits you but does no damage. The gnoll hits you with a +0 whip.
* * * LOW HITPOINT WARNING * * *
You hit the gnoll but do no damage.
The gnoll is moderately wounded.
The gnoll barely misses you.
It was a potion of might.
You feel very mighty all of a sudden.
The gnoll shouts!
The gnoll hits you with a +0 whip.
* * * LOW HITPOINT WARNING * * *
The gnoll misses you.
You hit the gnoll.
The gnoll is heavily wounded.
You closely miss the gnoll. The gnoll hits you but does no damage.
The gnoll closely misses you. The gnoll hits you with a +0 whip.
* * * LOW HITPOINT WARNING * * *
The gnoll closely misses you. The gnoll hits you with a +0 whip.
* * * LOW HITPOINT WARNING * * *
Okay, then.
It was a potion of curing.
You feel better. The gnoll closely misses you. The gnoll barely misses you.
The gnoll hits you from afar with a +0 halberd.
* * * LOW HITPOINT WARNING * * *
The gnoll throws a stone.
The stone hits you.
* * * LOW HITPOINT WARNING * * *
The gnoll misses you.
The gnoll hits you from afar with a +0 halberd!
You die...

####################
#.........##.......#####
###......................### ####
...........................##....
.......#######.............##....
.......#∩#∩#∩#g..................
.........._...g..................
.......#∩#∩#∩#..@................
.......#######gg.#.####....#.....
...†.............#.........#.....
.................................
..$...###........##.#.#......##..
....... #........................
.................P...............
........#.#......P∩..............
...................P.............


You could see 4 gnolls.

Vanquished Creatures
  An adder (D:2)
  A dart slug (D:1)
  3 ball pythons
  4 bats
  2 endoplasms (D:1)
  4 giant cockroaches
  4 hobgoblins (D:1)
  2 frilled lizards (D:1)
  4 goblins
  A kobold (D:1)
  2 rats (D:1)
28 creatures vanquished.

Notes
Turn   | Place    | Note
-------+----------+-------------------------------------------
     0 | D:1      | GordonOverkill the Demigod Gladiator began the quest for
                  | the Orb.
     0 | D:1      | Reached XP level 1. HP: 17/17 MP: 3/3
   247 | D:1      | Reached skill level 3 in Axes
   385 | D:1      | Reached XP level 2. HP: 23/24 MP: 4/4
   712 | D:2      | Found Usacapno's Antique Weapon Emporium.
   781 | D:2      | Reached XP level 3. HP: 29/29 MP: 5/5
   781 | D:2      | Identified the +0 leather armour of the Usurping Gods {rC++
                  | Str+2 Int-4}
   791 | D:2      | Reached skill level 4 in Axes
   846 | D:2      | Slain by a gnoll

Illustrated notes

Levels and vault maps discovered:
D:1:      minmay_arrival_semitransparent, layout_rooms,
          chequers_serial_rivers_room_a, minmay_misc_feat_hallway,
          hangedman_decor_riveting
D:2:      layout_basic, ebering_ecumenical_altar_hall, serial_shops,
          nicolae_shop_overgrown_old_shop

Skill      XL: |  1  2  3 |
---------------+----------+-----
Fighting       | 2 |  2.0
Axes           | 3 4 |  4.0
Throwing       | |  1.7
Dodging        | |  2.6

Action                     || total
---------------------------++-------
  Melee: War axe           ||    72
         Punch             ||     1
    Use: Potion            ||     2
   Stab: Sleeping          ||     1
 Armour: Leather armour    ||    59
  Dodge: Dodged            ||    69
